 Dungeon Crawl Stone Soup version 0.17.0-17-ge4ba49f (console) character file.

5893 Kloppie the Slicer (level 10, -5/58 HPs)
             Began as a Vine Stalker Fighter on Nov 11, 2015.
             Was a Believer of Makhleb.
             Slain by a komodo dragon (20 damage)
             ... on level 1 of the Lair of Beasts.
             The game lasted 00:19:27 (8883 turns).

Kloppie the Slicer (Vine Stalker Fighter)           Turns: 8883, Time: 00:19:27

Health: -5/58      AC: 10    Str: 20    XL:     10   Next: 82%
Magic:  0/15       EV:  7    Int:  8    God:    Makhleb [**....]
Gold:   467        SH:  9    Dex: 16    Spells: 0 memorised, 15 levels left

rFire  + . .     SeeInvis .     a - +1 rapier
rCold  . . .     Clarity  .     H - +0 scale mail
rNeg   . . .     SustAt   .     c - +0 shield
rPois  .         Gourm    .     B - +2 helmet
rElec  .         Spirit   +     (no cloak)
rCorr  .         Warding  .     (no gloves)
rMut   .         Stasis   +     (no boots)
MR     +....                    P - amulet of stasis
Stlth  +.........               E - ring of stealth
                                m - ring of protection from fire

@: somewhat resistant to hostile enchantments, very unstealthy
A: fangs 3, regeneration 2, magic shield, antimagic bite, no device heal 3, rot
immunity
a: Minor Destruction, Renounce Religion


You were on level 1 of the Lair of Beasts.
You worshipped Makhleb.
Makhleb was pleased with you.
You were not hungry.

You visited 3 branches of the dungeon, and saw 12 of its levels.

You collected 467 gold pieces.

Inventory:

Hand Weapons
 a - a +1 rapier (weapon)
 b - a +0 blowgun
Missiles
 C - 63 poisoned needles
Armour
 c - a +0 shield (worn)
 B - a +2 helmet (worn)
 H - a +0 scale mail (worn)
Jewellery
 m - a ring of protection from fire (left hand)
 v - an uncursed ring of ice
 E - a ring of stealth (right hand)
 P - an amulet of stasis (around neck)
Wands
 d - a wand of flame (29)
 r - a wand of draining (5)
 y - a wand of frost (26)
 A - a wand of lightning (2)
 I - a wand of draining (6)
 M - a wand of hasting (9)
 O - a wand of random effects (33)
Scrolls
 f - 4 scrolls of enchant weapon
 g - a scroll of amnesia
 h - 3 scrolls of identify
 j - 2 scrolls of immolation
 k - 7 scrolls of remove curse
 o - 2 scrolls of fear
 s - a scroll of random uselessness
 w - 3 scrolls of fog
Potions
 i - a potion of haste
 n - 5 potions of mutation
 q - 3 potions of invisibility
 t - 3 potions of lignification
 u - a potion of might
 x - 2 potions of heal wounds
 D - 3 potions of curing
 F - a potion of resistance
 L - 4 potions of agility
 N - a potion of brilliance
Books
 G - a book of Unlife

   Spells                             Type                      Level
   a - Recall                         Summoning/Translocation      3
   b - Animate Dead                   Necromancy                   4
   c - Control Undead                 Necromancy                   4
   d - Cigotuvi's Embrace             Necromancy                   5
   e - Death Channel                  Necromancy                   6
   f - Simulacrum                     Ice/Necromancy               6
 J - a book of Frost

   Spells                             Type                      Level
   a - Freeze                         Ice                          1
   b - Throw Frost                    Conjuration/Ice              2
   c - Ozocubu's Armour               Charms/Ice                   3
   d - Throw Icicle                   Conjuration/Ice              4
   e - Summon Ice Beast               Ice/Summoning                4
   f - Condensation Shield            Ice                          4
 K - a book of Clouds

   Spells                             Type                      Level
   a - Mephitic Cloud                 Conjuration/Poison/Air       3
   b - Conjure Flame                  Conjuration/Fire             3
   c - Poisonous Cloud                Conjuration/Poison/Air       6
   d - Freezing Cloud                 Conjuration/Ice/Air          6
   e - Ring of Flames                 Charms/Fire                  7
Miscellaneous
 l - a stone of tremors
Comestibles
 e - 6 bread rations
 p - 2 meat rations
 z - a royal jelly


   Skills:
 + Level 9.4 Fighting
 + Level 10.0 Short Blades
 + Level 5.1 Armour
 - Level 2.6 Shields
 - Level 3.2 Spellcasting


You had 15 spell levels left.
You didn't know any spells.

Dungeon Overview and Level Annotations

Branches:
Dungeon (10/15)            Temple (1/1) D:4            Lair (1/8) D:9
    Orc: D:9-12

Altars:
Ashenzari
Cheibriados
Dithmenos
Elyvilon
Fedhas
Gozag
Kikubaaqudgha
Makhleb
Nemelex Xobeh
Okawaru
Qazlal
Ru
Sif Muna
Trog
Vehumet
Xom
Yredelemnul
Zin
The Shining One


Innate Abilities, Weirdness & Mutations

You have razor-sharp teeth.
You heal very quickly.
When hurt, damage is shared between your health and your magic reserves.
Your bite disrupts and absorbs the magic of your enemies.
Potions and wands cannot restore your health.
You are immune to rotting.


Message History

The komodo dragon is lightly wounded.
The komodo dragon bites you.
You hit the komodo dragon. Your bite misses the komodo dragon.
The komodo dragon is lightly wounded.
The sheep bites you but does no damage.
You hit the komodo dragon but do no damage.
You bite the komodo dragon. You drain its power.
You feel invigorated.
The komodo dragon is moderately wounded.
The basilisk bites you. The komodo dragon bites you!
The sheep closely misses you.
You hit the komodo dragon but do no damage.
You bite the komodo dragon! You drain its power.
You feel invigorated.
The komodo dragon is moderately wounded.
The basilisk barely misses you. The komodo dragon bites you!!
* * * LOW HITPOINT WARNING * * *
You block the sheep's attack.
You are too injured to fight recklessly!
The basilisk gazes at you.
You easily resist.
The komodo dragon bites you!!
You die...

#..#####....####.#
##...## ### #P.###
##..# #.## #.# #.#
#.# #@## #.l# #Yl#
####.#######
#...........
#..P#.###.#..
.........
..........
###P.......


You could see a komodo dragon, a basilisk and a sheep.

Vanquished Creatures
  The ghost of Grim the Covert, a novice OpAs (D:5)
  A spriggan (D:7)
  4 yaks (D:9)
  Eustachio (D:5)
  Menkaure (D:5)
  The ghost of Acur the Skirmisher, an amateur OpFi (D:3)
  2 sky beasts
  A black bear (D:9)
  2 ice beasts
  A water moccasin (D:9)
  2 centaurs
  2 orc warriors
  An ogre (D:10)
  3 phantoms
  A necrophage (D:9)
  An eye of draining (D:8)
  2 wasps
  A big kobold (D:9)
  5 giant frogs
  A wyvern skeleton (D:8)
  7 wights
  14 killer bees
  3 scorpions
  2 crimson imps
  2 giant frog zombies
  2 jellies (D:8)
  2 centaur skeletons
  2 hounds (D:5)
  6 orc wizards
  Jessica (D:2)
  2 orc priests
  Terence (D:2)
  A quasit (D:6)
  5 worker ants
  7 sheep (Lair:1)
  An iguana (Lair:1)
  A hound skeleton (D:5)
  A worker ant zombie (D:8)
  Robin (D:3)
  18 adders
  6 gnolls
  7 river rats (Lair:1)
  2 shadow imps
  An adder skeleton (D:5)
  An adder zombie (D:6)
  5 worms
  16 orcs
  6 giant cockroaches
  17 goblins
  14 hobgoblins
  16 jackals
  2 quokkas
  2 ball pythons
  9 bats
  A giant cockroach zombie (D:5)
  2 giant geckos
  6 giant newts
  A jackal zombie (D:8)
  15 kobolds
  A quokka skeleton (D:5)
  9 rats
252 creatures vanquished.

Vanquished Creatures (others)
  A fungus (Lair:1)
1 creature vanquished.

Grand Total: 253 creatures vanquished

Notes
Turn   | Place    | Note
--------------------------------------------------------------
     0 | D:1      | Kloppie the Vine Stalker Fighter began the quest for the Orb.
     0 | D:1      | Reached XP level 1. HP: 11/11 MP: 2/2
    89 | D:1      | Reached skill level 3 in Fighting
    89 | D:1      | Reached XP level 2. HP: 14/16 MP: 3/3
   272 | D:1      | Reached XP level 3. HP: 20/20 MP: 4/4
   731 | D:2      | Found a white marble altar of Elyvilon.
   774 | D:2      | Found a bloodstained altar of Trog.
   900 | D:2      | Noticed Terence
   923 | D:2      | Killed Terence
   923 | D:2      | Reached XP level 4. HP: 10/25 MP: 2/5
  1110 | D:2      | Noticed Jessica
  1124 | D:2      | Killed Jessica
  1124 | D:2      | Reached XP level 5. HP: 29/29 MP: 6/6
  1272 | D:2      | Reached skill level 4 in Fighting
  1988 | D:3      | Noticed Acur's ghost (amateur OpFi)
  2001 | D:3      | Killed Acur's ghost
  2001 | D:3      | Gained mutation: You heal very quickly. [Vine Stalker growth]
  2001 | D:3      | Reached XP level 6. HP: 12/34 MP: 3/7
  2285 | D:4      | Noticed Robin
  2300 | D:3      | Killed Robin
  2390 | D:4      | Found a staircase to the Ecumenical Temple.
  3177 | D:5      | Entered Level 5 of the Dungeon
  3216 | D:5      | Noticed Eustachio
  3314 | D:4      | Reached skill level 5 in Fighting
  3347 | D:5      | Reached XP level 7. HP: 24/39 MP: 5/8
  3369 | D:5      | Reached skill level 5 in Short Blades
  3394 | D:5      | Noticed Grim's ghost (novice OpAs)
  3438 | D:5      | Killed Grim's ghost
  3438 | D:5      | Reached skill level 6 in Fighting
  3438 | D:5      | Gained mutation: You have razor-sharp teeth. [Vine Stalker growth]
  3438 | D:5      | Reached XP level 8. HP: 40/44 MP: 9/9
  3451 | D:5      | Killed Eustachio
  3651 | D:5      | Noticed Menkaure
  3657 | D:5      | Killed Menkaure
  3866 | D:5      | Reached skill level 7 in Fighting
  4163 | D:6      | Reached XP level 9. HP: 32/50 MP: 8/10
  4442 | D:6      | Reached skill level 8 in Fighting
  4617 | D:6      | Reached skill level 1 in Spellcasting
  4770 | D:6      | Found a stormy altar of Qazlal.
  5268 | D:7      | Found a blossoming altar of Fedhas.
  5268 | D:7      | Found an ancient bone altar of Kikubaaqudgha.
  5270 | D:7      | Found a bloodstained altar of Trog.
  6083 | D:8      | Reached skill level 9 in Short Blades
  6165 | D:8      | Reached XP level 10. HP: 57/57 MP: 15/15
  6826 | D:8      | Found an opulent altar of Gozag.
  7055 | Temple   | Entered the Ecumenical Temple
  7183 | Temple   | Became a worshipper of Makhleb the Destroyer
  7413 | D:9      | Found a shimmering altar of Xom.
  7413 | D:9      | Found a shimmering altar of Xom.
  7415 | D:9      | Found a shimmering altar of Xom.
  7415 | D:9      | Found a shimmering altar of Xom.
  7415 | D:9      | Found a shimmering altar of Xom.
  7415 | D:9      | Found a shimmering altar of Xom.
  7417 | D:9      | Found a shimmering altar of Xom.
  7517 | D:10     | Entered Level 10 of the Dungeon
  7735 | D:9      | Reached * piety under Makhleb
  7851 | D:9      | Found a shadowy altar of Dithmenos.
  8149 | D:9      | Found a staircase to the Lair.
  8343 | D:9      | Reached skill level 5 in Armour
  8754 | Lair:1   | Entered Level 1 of the Lair of Beasts
  8759 | Lair:1   | Reached skill level 10 in Short Blades
  8853 | Lair:1   | Reached ** piety under Makhleb
  8883 | Lair:1   | Slain by a komodo dragon

Action                   |  1- 3 |  4- 6 |  7- 9 | 10-12 || total
-------------------------+-------+-------+-------+-------++-------
Melee: Rapier            |   123 |   248 |   437 |   332 ||  1140
  Use: Potion            |       |     1 |       |       ||     1
       Scroll            |       |       |    22 |       ||    22
 Stab: Sleeping          |       |       |     1 |       ||     1
  Eat: Chunk             |       |     6 |     9 |     5 ||    20
       Pizza             |       |     1 |       |       ||     1
       Beef jerky        |       |       |     1 |       ||     1
       Bread ration      |       |       |       |     1 ||     1
       Fruit             |       |       |       |     1 ||     1
